 Dungeon Crawl Stone Soup version 0.25.1-9-gc5326a611f (webtiles) character file.

Game seed: 14893275069293315143

1445903 AlexTheUnready the Conqueror (level 27, 273/273 HPs)
             Began as a Hill Orc Fighter on Nov 15, 2022.
             Was the Champion of Beogh.
             Escaped with the Orb
             ... and 3 runes on Nov 18, 2022!
             The game lasted 05:38:12 (109745 turns).

AlexTheUnready the Conqueror (Hill Orc Fighter)   Turns: 109745, Time: 05:38:13

Health: 273/273    AC: 58    Str: 35    XL:     27
Magic:  40/40      EV:  9    Int: 19    God:    Beogh [******]
Gold:   5873       SH: 31    Dex: 11    Spells: 26/26 levels left

rFire    + + +     SeeInvis +   H - +9 broad axe (flame)
rCold    + + .     Gourm    .   I - +3 tower shield {reflect}
rNeg     + + .     Faith    .   e - +12 gold dragon scales
rPois    +         Spirit   +   R - +2 helmet {SInv}
rElec    +         Reflect  +   n - +2 cloak
rCorr    .         Harm     .   x - +2 pair of gloves {Str+3}
MR       ++...                  w - +0 pair of boots
Stlth    ..........             p - amulet "Itischai" {Spirit rF+ Int+5}
HPRegen  0.55/turn              r - ring "Veada" {rElec rC+ rN+ Int+6 Dex+6}
MPRegen  0.27/turn              h - ring "Saeq" {rF+ rN+ AC+4 Str+2 Dex-5 Stlth+}

@: no status effects
A: walk on water, claws 1, blurry vision 1, deterioration 1, poison resistance,
shaggy fur 1, weak 1, wild magic 1, no potion heal 1
0: Orb of Zot
}: 3/15 runes: decaying, silver, gossamer
a: Smiting, Recall Orcish Followers, Give Item to Named Follower, Resurrection,
Renounce Religion


You escaped.
You worshipped Beogh.
Beogh was exalted by your worship.
You were full.

You visited 10 branches of the dungeon, and saw 52 of its levels.
You visited the Abyss 3 times.
You also visited: Trove, Sewer, Gauntlet and Wizlab.

You collected 8715 gold pieces.
You spent 2842 gold pieces at shops.

Inventory:

Hand Weapons
 g - the +9 broad axe "Qefojasi" {vorpal, rElec rF+ Str-3 Int+2}
   (You took it off a draconian knight on level 1 of the Realm of Zot)

   It inflicts extra damage upon your enemies.
   It affects your strength (-3).
   It affects your intelligence (+2).
   It protects you from fire.
   It insulates you from electricity.
 v - a +1 halberd of protection
 y - the +7 great mace "Firestarter" {inner flame, rF++}
   (You took it off a deep elf death mage on level 3 of the Elven Halls)

   It has been specially enchanted to burn those struck by it, causing extra
   injury to most foes and up to half again as much damage against particularly
   susceptible opponents.
   It greatly protects you from fire.
 C - the +6 great sword of Weicawaf {protect, +Blink rElec MR+}
   (You found it on level 1 of the Elven Halls)

   It grants its wielder temporary protection when it strikes (+7 to AC).
   It insulates you from electricity.
   It affects your resistance to hostile enchantments.
   It lets you blink.
 H - a +9 broad axe of flaming (weapon)
 X - the +9 sword of Zonguldrok {reap}
   (You found it in a wizard's laboratory)

   If a monster killed with it leaves a corpse in good enough shape, the corpse
   will be animated as a zombie friendly to the killer.
 Y - the +7 great sword "Xelu Der" {drain, Stlth+}
   (You found it in a treasure trove)

   A truly terrible weapon, it drains the life of those it strikes.
   It makes you more stealthy.
Missiles
 j - a throwing net
 m - 38 boomerangs (quivered)
 E - 11 silver javelins
 P - 2 javelins
Armour
 e - +12 gold dragon scales (worn)
 n - a +2 cloak (worn)
 w - a +0 pair of boots (worn)
 x - a +2 pair of gloves of strength (worn)
 F - the +6 scale mail of Axosusycs {MR+ Slay+2}
   (You found it in a Gauntlet)

   It affects your accuracy and damage with ranged weapons and melee attacks
   (+2).
   It affects your resistance to hostile enchantments.
 I - a +3 tower shield of reflection (worn)
 R - a +2 helmet of see invisible (worn)
Jewellery
 a - an uncursed ring of protection from magic
 h - the ring "Saeq" (right hand) {rF+ rN+ AC+4 Str+2 Dex-5 Stlth+}
   (You found it in a treasure trove)

   [ring of protection]

   It affects your AC (+4).
   It affects your strength (+2).
   It affects your dexterity (-5).
   It protects you from fire.
   It protects you from negative energy.
   It makes you more stealthy.
 p - the amulet "Itischai" (around neck) {Spirit rF+ Int+5}
   (You bought it in a shop on level 3 of the Elven Halls)

   [amulet of guardian spirit]

   It causes incoming damage to be split between your health and magic.
   It affects your intelligence (+5).
   It protects you from fire.
 r - the ring "Veada" (left hand) {rElec rC+ rN+ Int+6 Dex+6}
   (You took it off a deep elf death mage on level 3 of the Elven Halls)

   [ring of intelligence]

   It affects your intelligence (+6).
   It affects your dexterity (+6).
   It protects you from cold.
   It insulates you from electricity.
   It protects you from negative energy.
 G - the ring of Ascent {rPois rC++ rN+}
   (You found it in a treasure trove)

   [ring of positive energy]

   It greatly protects you from cold.
   It protects you from poison.
   It protects you from negative energy.
 L - the ring "Ishrolen" {rElec rC+ rCorr Int+2}
   (You found it on level 2 of the Spider Nest)

   [ring of resist corrosion]

   It affects your intelligence (+2).
   It protects you from cold.
   It insulates you from electricity.
   It provides partial protection from all sources of acid and corrosion.
 M - the amulet "Lidghuyck" {Regen+ Str-4 Dex+4}
   (You took it off a deep elf blademaster on level 3 of the Elven Halls)

   [amulet of regeneration]

   It affects your strength (-4).
   It affects your dexterity (+4).
   It increases your rate of regeneration.
 N - the ring "Vutweod" {EV+4 Dex+7}
   (You found it on level 3 of the Spider Nest)

   [ring of evasion]

   It affects your evasion (+4).
   It affects your dexterity (+7).
 S - the ring of Ykkilyer {Wiz rF+ rN+ Dex-2 Stlth+}
   (You took it off a deep elf mage on level 5 of the Vaults)

   [ring of wizardry]

   It improves your spell success rate.
   It affects your dexterity (-2).
   It protects you from fire.
   It protects you from negative energy.
   It makes you more stealthy.
 W - an uncursed amulet of regeneration
Wands
 c - a wand of disintegration (16)
 u - a wand of clouds (12)
 Q - a wand of acid (21)
 V - a wand of digging (14)
Scrolls
 l - 28 scrolls of teleportation
 o - 4 scrolls of blinking
 q - 25 scrolls of remove curse
 s - 5 scrolls of magic mapping
 t - a scroll of silence
 z - 14 scrolls of fear
 A - 4 scrolls of fog
 B - 3 scrolls of summoning
 D - 21 scrolls of identify
Potions
 b - 4 potions of mutation
 d - 3 potions of might
 i - 15 potions of curing
 k - 2 potions of resistance
 J - a potion of haste
 K - 5 potions of cancellation
 U - 4 potions of heal wounds
 Z - 2 potions of invisibility
Miscellaneous
 O - 8 boxes of beasts
 T - 3 phantom mirrors
Comestibles
 f - 15 rations


   Skills:
 O Level 27 Fighting
 - Level 18.0 Axes
 + Level 11.9 Throwing
 O Level 27 Armour
 - Level 1.3 Dodging
 - Level 25.0 Shields
 O Level 27 Invocations


You had 26 spell levels left.
You didn't know any spells.
Your spell library contained the following spells:

 Spells                   Type           Power        Failure   Level  Hunger
 Animate Skeleton         Necr           N/A          73%         1    ##.....
 Apportation              Tloc           #.....       73%         1    ##.....
 Beastly Appendage        Tmut           #.....       73%         1    ##.....
 Corona                   Hex            #......      73%         1    ##.....
 Foxfire                  Conj/Fire      #...         73%         1    ##.....
 Magic Dart               Conj           #...         73%         1    ##.....
 Pain                     Necr           #...         73%         1    ##.....
 Sandblast                Erth           #.....       73%         1    ##.....
 Shock                    Conj/Air       #...         73%         1    ##.....
 Sting                    Tmut/Pois      #...         73%         1    ##.....
 Summon Butterflies       Summ           #.......     73%         1    ##.....
 Summon Small Mammal      Summ           #...         73%         1    ##.....
 Blink                    Tloc           N/A          85%         2    ###....
 Corpse Rot               Necr/Air       N/A          85%         2    ###....
 Ensorcelled Hibernation  Hex/Ice        #.....       85%         2    ###....
 Passwall                 Tmut/Erth      #.......     85%         2    ###....
 Searing Ray              Conj           #.....       85%         2    ###....
 Shroud of Golubria       Chrm/Tloc      #.....       85%         2    ###....
 Slow                     Hex            #.......     85%         2    ###....
 Sticks to Snakes         Tmut           #.......     85%         2    ###....
 Sublimation of Blood     Necr           #.........   85%         2    ###....
 Swiftness                Chrm/Air       #.......     85%         2    ###....
 Call Canine Familiar     Summ           #.......     97%         3    ####...
 Confusing Touch          Hex            #.......     97%         3    ####...
 Conjure Flame            Conj/Fire      #.......     97%         3    ####...
 Dazzling Flash           Conj/Hex       #.....       97%         3    ####...
 Gell's Gravitas          Tloc           #.........   97%         3    ####...
 Ignite Poison            Fire/Tmut/Pois #.......     97%         3    ####...
 Inner Flame              Hex/Fire       #.......     97%         3    ####...
 Lesser Beckoning         Tloc           #.........   97%         3    ####...
 Portal Projectile        Hex/Tloc       #.....       97%         3    ####...
 Recall                   Summ/Tloc      N/A          97%         3    ####...
 Spider Form              Tmut/Pois      #.........   97%         3    ####...
 Static Discharge         Conj/Air       #.......     97%         3    ####...
 Stone Arrow              Conj/Erth      #.....       97%         3    ####...
 Summon Guardian Golem    Hex/Summ       #.......     97%         3    ####...
 Teleport Other           Tloc           #.......     97%         3    ####...
 Tukima's Dance           Hex            #.......     97%         3    ####...
 Vampiric Draining        Necr           #.........   97%         3    ####...
 Airstrike                Air            #.........   100%        4    #####..
 Animate Dead             Necr           N/A          100%        4    #####..
 Cause Fear               Hex            #.........   100%        4    #####..
 Fulminant Prism          Conj/Hex       #.........   100%        4    #####..
 Ice Form                 Ice/Tmut       #.......     100%        4    #####..
 Iskenderun's Mystic Bla  Conj/Tloc      #.......     100%        4    #####..
 Leda's Liquefaction      Hex/Erth       #.........   100%        4    #####..
 Petrify                  Tmut/Erth      #.......     100%        4    #####..
 Sticky Flame             Conj/Fire      #.......     100%        4    #####..
 Summon Ice Beast         Ice/Summ       #.......     100%        4    #####..
 Agony                    Necr           #.......     100%        5    ######.
 Alistair's Intoxication  Tmut/Pois      #.......     100%        5    ######.
 Aura of Abjuration       Summ           #.........   100%        5    ######.
 Blade Hands              Tmut           #.........   100%        5    ######.
 Bolt of Magma            Conj/Fire/Erth #.........   100%        5    ######.
 Borgnjor's Vile Clutch   Necr/Erth      #.........   100%        5    ######.
 Fireball                 Conj/Fire      #.........   100%        5    ######.
 Irradiate                Conj/Tmut      #.........   100%        5    ######.
 Lee's Rapid Deconstruct  Erth           #.........   100%        5    ######.
 Lightning Bolt           Conj/Air       #.........   100%        5    ######.
 Metabolic Englaciation   Hex/Ice        #.........   100%        5    ######.
 Silence                  Hex/Air        #.........   100%        5    ######.
 Summon Demon             Summ           #.........   100%        5    ######.
 Summon Forest            Summ/Tloc      #.........   100%        5    ######.
 Summon Mana Viper        Hex/Summ       #.......     100%        5    ######.
 Yara's Violent Unravell  Hex/Tmut       #.........   100%        5    ######.
 Darkness                 Hex            #.........   100%        6    #######
 Dispersal                Tloc           #.........   100%        6    #######
 Eringya's Noxious Bog    Tmut/Pois      #.........   100%        6    #######
 Hydra Form               Tmut           #.........   100%        6    #######
 Invisibility             Hex            #.......     100%        6    #######
 Iron Shot                Conj/Erth      #.........   100%        6    #######
 Shadow Creatures         Summ           N/A          100%        6    #######
 Simulacrum               Ice/Necr       #.........   100%        6    #######
 Starburst                Conj/Fire      #.........   100%        6    #######
 Statue Form              Tmut/Erth      #........    100%        6    #######
 Dragon Form              Tmut           #.........   100%        7    #######
 Haunt                    Necr/Summ      #.........   100%        7    #######
 Orb of Destruction       Conj           #.........   100%        7    #######
 Ring of Flames           Chrm/Fire      #.........   100%        7    #######
 Summon Hydra             Summ           #.........   100%        7    #######
 Borgnjor's Revivificati  Necr           #.........   100%        8    #######
 Chain Lightning          Conj/Air       #.........   100%        8    #######
 Controlled Blink         Tloc           N/A          100%        8    #######
 Death's Door             Chrm/Necr      #.........   100%        8    #######
 Discord                  Hex            #.........   100%        8    #######
 Disjunction              Tloc           #.........   100%        8    #######
 Ignition                 Fire           #.........   100%        8    #######
 Infestation              Necr           #.........   100%        8    #######
 Lehudib's Crystal Spear  Conj/Erth      #.........   100%        8    #######
 Necromutation            Tmut/Necr      #.........   100%        8    #######
 Absolute Zero            Ice            #.........   100%        9    #######
 Dragon's Call            Summ           #.........   100%        9    #######
 Fire Storm               Conj/Fire      #.........   100%        9    #######
 Shatter                  Erth           #.........   100%        9    #######
 Passage of Golubria      Tloc           Unusable     N/A         4    N/A

Dungeon Overview and Level Annotations

Branches:
Dungeon (15/15)            Temple (0/1) D:5            Lair (6/6) D:11
  Swamp (4/4) Lair:4       Spider (4/4) Lair:3        Slime (0/5) Lair:5
    Orc (2/2) D:11            Elf (3/3) Orc:2        Vaults (5/5) D:14
  Crypt (3/3) Vaults:3       Tomb (0/3) Crypt:3      Depths (5/5) D:15
    Zot (5/5) Depths:5      Sewer (visited)          WizLab (visited)
Gauntlet (visited)

Altars:
Ashenzari
Dithmenos
Elyvilon
Fedhas
Gozag
Kikubaaqudgha
Makhleb
Nemelex Xobeh
Okawaru
Sif Muna
Vehumet
Wu Jian
Xom
Jiyva
Lugonu

Shops:
D:5 :   D:7 !   Orc:2 %[=%   Elf:2 }}=   Elf:3 =%[   Vaults:2 :   Vaults:4 =

Portals:
Hell: Depths:1 Depths:2 Depths:3 Depths:4 Depths:5
Abyss: Depths:1 Depths:2 Depths:3 Depths:4 Depths:5
Pandemonium: Depths:2 Depths:3 Depths:4 Depths:5
Ziggurat: Depths:4

Annotations:
Elf:2 4 runed translucent doors
Depths:1 6 runed translucent doors
Depths:3 1 runed translucent door


Innate Abilities, Weirdness & Mutations

You can walk on water.
You have sharp fingernails.
Scrolls take you a little longer to read.
Your body sometimes deteriorates upon taking damage.
Your system is resistant to poisons. (rPois)
You are covered in fur. (AC +1)
You are weak. (Str -2)
Your spells are a little harder to cast, but a little more powerful.
Potions are less effective at restoring your health.


Message History

There is an escape hatch in the floor here.
There is a staircase leading out of the dungeon here.
You begin recalling your allies.
Grimold is recalled.
Boderik is recalled.
Dorog is recalled.
Horkud is recalled.
Wargrak is recalled.
Borgoth is recalled.
Norbak is recalled.
Olfrun is recalled.
Borgun is recalled.
Your orc knight is recalled.
Jorge is recalled.
Bogdan is recalled.
Bogwald is recalled.
Jorge is recalled.
Nordag is recalled.
Ognian is recalled.
Morguth is recalled.
Orbeogh is recalled.
Ognian is recalled.
Ognian is recalled.
Orbeogh is recalled.
Bogbrand is recalled.
Bogdan says, "I'll never leave you."
Your orc warrior is recalled.
Your orc knight is recalled.
Wargath is recalled.
Your orc warrior is recalled.
Your orc priest is recalled.
You finish recalling your allies.
Dorog says, "Family always sticks together, AlexTheUnready!"
Norbak says, "Family always sticks together, AlexTheUnready!"
You have escaped!

...#.#.######.#>#>#######.# #....
...#.#........#.#....o..#.# #.##.
...#.##########.#.#####.#.# #.##.
...#............#.# #.#.###.##.
#######################....##.###
.......#.......ooooo..#....##.###
######.#......oooooo..#....##.#..
.......#.....ooooooo..#....##.#.#
####...#..#####o@o##..#.#'###.#.#
####...#..# #ooo##..#.#.# #.#.#
.....[.#..# #oooo...#.#.###.#.#
.......#..# #.oo....#.#...#.#.#
.....###..# #..)....#.#.#.#.#.#
)....# #..# #..###..#.###.#.#.#
.....# #..#####..# #..#.....#.#.#
###### #.........# #..#.#####.#.#
#.........###..#.......#.#


You could see the friendly Boderik the orc warlord, the friendly Bogbarth the
orc warlord, the friendly Bogdan the orc warlord, the friendly Bogwald the orc
warlord, the friendly Dorog the orc warlord, the friendly Grimold the orc
warlord, 2 friendly orc warlords, the friendly Jorge the orc warlord, the
friendly Norbak the orc warlord, the friendly Orbeogh the orc warlord, 2
friendly orc knights, the friendly Borgun the orc knight, the friendly Jorge the
orc knight, the friendly Morguth the orc knight, the friendly Nordag the orc
knight, 2 friendly orc knights, the friendly Olfrun the orc knight, the friendly
Orbeogh the orc knight, the friendly Wargrak the orc knight, the friendly
Bogbrand the orc high priest, the friendly Borgoth the orc high priest, the
friendly Ognian the orc sorcerer, 2 friendly orc warriors, a friendly orc priest
and the friendly Wargath the orc wizard.

Vanquished Creatures
  5 orbs of fire
  5 ancient liches
  The ghost of zergursh the Meteorologist, a master DECj of Sif Muna (Zot:5)
  Margery (Depths:3)
  Bai Suzhen (Vaults:2)
  A Killer Klown (Zot:5)
  A greater mummy (Crypt:2)
  Boris (Crypt:3)
  A shard shrike (Zot:1)
  2 caustic shrikes (Depths:5)
  3 curse toes
  Jory (Crypt:3)
  9 golden dragons
  Nikola (Vaults:3)
  8 bone dragons (Abyss:1)
  16 tentacled monstrosities
  A Hell Sentinel (Abyss:1)
  3 hellephants
  20 Orb Guardians
  2 deep elf blademasters (Elf:3)
  6 liches
  16 tentacled starspawn
  The ghost of Daghilat the Bludgeoner, an adept MiBe of Trog (Spider:3)
  3 quicksilver dragons
  3 titans
  2 deep elf master archers (Elf:3)
  An Executioner (Abyss:1)
  3 ancient champions
  7 death cobs
  A sphinx (Crypt:2)
  8 storm dragons
  9 shadow dragons
  2 thorn hunters (Swamp:4)
  Donald (Orc:2)
  2 tengu reavers
  The ghost of AlexTheUnready the Fighter, an adept GnWn of Okawaru (Spider:3)
  2 revenants (Abyss:1)
  2 azure jellies (Swamp:4)
  5 fire giants
  5 deep elf sorcerers
  2 iron dragons
  3 draconian monks
  7 frost giants
  5 draconian scorchers
  11 vault wardens
  A cacodemon (Abyss:1)
  An orc warlord (Vaults:4)
  2 ghost moths (Spider:4)
  8 draconian knights
  2 curse skulls
  4 emperor scorpions
  7 deep elf elementalists
  The ghost of Hanotsus the Corrupter of Planes, a journeyman HOAK of Lugonu (D:12)
  7 ironheart preservers
  4 ghouls (Crypt:1)
  9 draconian shifters
  4 draconian stormcallers
  16 very ugly things
  A war gargoyle (Crypt:3)
  A reaper (Crypt:2)
  10 draconian annihilators
  16 black draconians
  3 green draconians
  3 vampire knights
  The ghost of AlexTheUnready the Severer, a journeyman HOFi of Beogh (Lair:5)
  A spriggan defender (Depths:4)
  3 lorocyprocas
  Azrael (D:15)
  17 stone giants
  10 white draconians
  6 deep elf demonologists
  17 yellow draconians
  10 purple draconians
  2 eidola
  A minotaur (Gauntlet)
  13 red draconians
  7 spark wasps
  7 deep elf annihilators
  3 blizzard demons
  11 ettins
  2 crystal guardians
  11 fire dragons
  3 mummy priests (Crypt:2)
  2 green deaths
  Josephine (Lair:5)
  5 deep elf death magi
  8 yaktaur captains
  11 great orbs of eyes
  6 deep elf high priests
  6 jiangshi
  7 hydras
  17 vault guards
  7 ice dragons
  2 spriggan air magi
  7 rakshasas
  A catoblepas (D:15)
  4 death knights
  2 shambling mangroves
  5 tengu warriors
  A merfolk avatar (Lair:6)
  25 two-headed ogres
  3 death yaks
  22 dancing weapons
  3 ghost crabs
  3 centaur warriors
  12 alligators
  11 vampire magi
  A titan zombie (Vaults:5)
  7 hell hogs
  8 ogre magi
  9 deep troll earth magi
  4 orc high priests (Orc:2)
  3 spriggan berserkers
  11 deep troll shamans
  A sun demon (Depths:3)
  14 thrashing horrors
  4 soul eaters
  16 deep elf knights
  An iron troll (Depths:3)
  11 wretched stars (Abyss:1)
  11 hell knights
  3 sixfirhies
  33 large abominations
  A spark wasp zombie (D:15)
  A quicksilver dragon simulacrum (Vaults:4)
  A sea snake (shapeshifter) (Vaults:5)
  24 skeletal warriors
  4 spriggan druids
  3 shadow wraiths
  A golden dragon zombie (Abyss:1)
  25 deep trolls
  4 flayed ghosts
  3 unseen horrors
  2 infernal demonspawn
  4 wizards
  7 glowing orange brains
  10 deep elf archers
  7 necromancers
  2 wolf spider zombies
  6 swamp dragons
  3 shadow dragon zombies
  11 ironbrand convokers
  7 orc knights
  6 harpies
  A golden dragon skeleton (Vaults:5)
  A mana viper (Abyss:1)
  6 oklob plants
  A frost giant zombie (Vaults:4)
  49 deep elf magi
  30 wolf spiders
  9 orb spiders
  28 ugly things
  6 phantasmal warriors
  2 stone giant zombies
  5 cyclopes
  3 orc sorcerers
  3 manticores
  3 worldbinders
  10 elephants
  2 rust devils
  6 apocalypse crabs
  12 moths of wrath
  A shock serpent zombie (Crypt:2)
  A toenail golem (Depths:3)
  A black mamba (Lair:5)
  17 smoke demons
  A fire giant skeleton (Crypt:2)
  9 vault sentinels
  3 frost giant skeletons
  An orange demon (Abyss:1)
  2 storm dragon simulacra
  2 hellions
  4 torpor snails
  2 gargoyles
  A spriggan zombie (D:15)
  4 efreet (Abyss:1)
  4 kobold demonologists
  A rime drake (Lair:6)
  A catoblepas zombie (Crypt:3)
  51 yaktaurs
  2 rime drakes (shapeshifter)
  12 spiny frogs
  8 demonic crawlers
  2 komodo dragons (shapeshifter)
  4 komodo dragons
  A tengu conjurer (D:14)
  A tormentor (Abyss:1)
  A white draconian skeleton (Crypt:1)
  13 freezing wraiths
  12 ancient zymes
  2 guardian mummies (Crypt:2)
  A red devil (Depths:3)
  A hydra zombie (Crypt:3)
  A silent spectre (Abyss:1)
  3 polar bears
  8 trolls
  8 hellwings
  2 queen bees (shapeshifter)
  19 jumping spiders
  11 tyrant leeches
  36 raiju (Abyss:1)
  A yaktaur skeleton (Vaults:5)
  4 bog bodies
  13 blink frogs
  5 hippogriffs
  A blink frog (shapeshifter) (Vaults:5)
  26 hornets
  An alligator zombie (Crypt:3)
  A death drake skeleton (Crypt:1)
  3 fire dragon zombies
  A snapping turtle (shapeshifter) (Vaults:5)
  A fire giant simulacrum (Abyss:1)
  A dream sheep (Lair:4)
  A hippogriff (shapeshifter) (Vaults:2)
  20 slime creatures
  An air elemental (Elf:1)
  23 flying skulls
  31 tarantellas
  2 water elementals
  A redback (shapeshifter) (Abyss:1)
  8 spriggans
  9 ynoxinuls
  6 shadows
  An alligator skeleton (Crypt:3)
  A shock serpent simulacrum (Abyss:1)
  38 redbacks
  26 small abominations
  4 vampires
  4 fire bats (Abyss:1)
  9 wraiths
  2 wyverns (Lair:6)
  An ettin skeleton (Abyss:1)
  2 humans (shapeshifter)
  17 yaks
  2 hogs (D:15)
  A human (D:14)
  5 fire elementals
  6 neqoxecs
  17 vampire mosquitoes
  7 chaos spawn
  A yaktaur simulacrum (Vaults:4)
  A basilisk (shapeshifter) (Vaults:1)
  17 swamp worms
  6 swamp worm simulacra (Swamp:4)
  A swamp worm (shapeshifter) (Vaults:2)
  An acid dragon (shapeshifter) (Abyss:4)
  3 wargs
  3 two-headed ogre zombies (WizLab)
  2 human zombies
  6 water moccasins
  An acid dragon (D:14)
  17 hydra simulacra
  2 soldier ants
  8 hell hounds
  4 porcupines
  A spiny frog skeleton (Crypt:1)
  4 swamp drakes
  A hornet zombie (D:8)
  A black bear (D:12)
  11 orc warriors
  2 sky beasts
  4 necrophages
  A black mamba simulacrum (Abyss:1)
  5 ice beasts
  33 ogres
  2 tengu (shapeshifter) (Depths:3)
  A phantom (D:7)
  16 centaurs
  A deep troll simulacrum (Depths:1)
  6 wolves
  15 boggarts
  11 crocodiles
  A big kobold (Sewer)
  An octopode zombie (Crypt:1)
  11 bullfrogs
  3 earth elementals
  A wyvern zombie (D:14)
  An ogre simulacrum (Vaults:1)
  A wyvern skeleton (D:13)
  A scorpion (D:8)
  A water moccasin skeleton (D:10)
  6 killer bees
  A scorpion (shapeshifter) (Abyss:1)
  8 troll zombies (WizLab)
  3 electric eels
  10 wights
  2 howler monkeys
  5 crimson imps
  2 bullfrog zombies
  7 hounds
  5 jellies
  3 centaur zombies
  28 starcursed masses (Abyss:1)
  11 quasits
  3 centaur skeletons
  9 orc priests
  2 bullfrog skeletons
  7 orc wizards
  A gnoll shaman (D:8)
  7 iron imps
  Jessica (D:2)
  Ijyb (D:5)
  2 iguanas
  7 worker ants
  A naga zombie (Crypt:2)
  5 ogre zombies (WizLab)
  A hound zombie (D:7)
  A hound skeleton (D:7)
  A mummy (Crypt:2)
  A worker ant zombie (Crypt:2)
  A howler monkey zombie (D:6)
  21 adders
  6 gnolls
  A howler monkey skeleton (D:5)
  6 river rats (Sewer)
  4 shadow imps
  6 white imps
  2 swamp drake simulacra (Swamp:4)
  5 ufetubi
  A lava snake zombie (Crypt:2)
  An adder skeleton (D:4)
  A lava snake skeleton (Crypt:2)
  4 worms
  2 ball lightnings (Zot:5)
  3 dart slugs
  4 leopard geckos
  28 orcs
  4 ball pythons
  A bat (D:1)
  4 giant cockroaches
  7 goblins
  9 hobgoblins
  12 jackals
  6 quokkas
  3 frilled lizards
  30 kobolds
  A kobold skeleton (Crypt:1)
  A leopard gecko zombie (D:7)
  A quokka zombie (D:7)
  25 rats
  8 briar patches (Swamp:4)
  A crawling corpse (Elf:3)
  5 fungi (Lair:6)
  2 lurking horrors
  12 plants
  14 starspawn tentacles
2183 creatures vanquished.

Vanquished Creatures (collateral kills)
  2 ancient liches
  An orb of fire (Zot:5)
  Khufu (Crypt:2)
  Mara (D:15)
  2 pandemonium lords
  A greater mummy (Crypt:2)
  A Killer Klown (Zot:5)
  A caustic shrike (Depths:5)
  2 bone dragons
  5 golden dragons
  A Tzitzimitl (Depths:3)
  2 Hell Sentinels
  An electric golem (Zot:5)
  Rupert (Lair:5)
  6 Orb Guardians
  An Executioner (D:6)
  2 sphinxes
  2 tengu reavers
  An ancient champion (Crypt:1)
  Kirke (D:15)
  The ghost of Nuqinleag the Devastator, an adept GrEE of Vehumet (Spider:3)
  Roxanne (Elf:1)
  A daeva (Depths:4)
  2 storm dragons
  3 fire giants
  Aizul (Spider:1)
  A deep elf sorcerer (Vaults:4)
  2 vault wardens (Vaults:3)
  Louise (D:15)
  An emperor scorpion (Spider:2)
  A deep elf elementalist (Elf:3)
  A frost giant (Depths:2)
  A caustic shrike skeleton (Crypt:1)
  A spriggan defender (Depths:4)
  5 war gargoyles
  7 stone giants
  3 ironheart preservers
  6 very ugly things
  A vampire knight (Crypt:3)
  2 deep elf demonologists (Elf:3)
  An entropy weaver (Spider:2)
  3 deep elf annihilators
  A spark wasp (Depths:2)
  A red draconian (Depths:5)
  An eidolon (Crypt:2)
  3 ettins
  2 crystal guardians (Crypt:3)
  A quicksilver dragon zombie (Crypt:3)
  3 deep elf death magi
  3 yaktaur captains
  3 deep elf high priests
  A fire dragon (Depths:4)
  2 great orbs of eyes
  14 vault guards
  2 hell beasts
  4 ice dragons
  A rakshasa (Vaults:3)
  2 death knights
  10 two-headed ogres
  3 hydras
  A two-headed ogre (shapeshifter) (Vaults:4)
  14 dancing weapons
  A titan zombie (Crypt:3)
  A tengu warrior (Depths:1)
  3 ogre magi
  2 deep troll shamans
  A deep troll earth mage (Depths:2)
  5 death yaks
  6 deep elf knights
  A titan skeleton (Crypt:3)
  A thrashing horror (Abyss:4)
  A wretched star (Abyss:1)
  6 hell knights
  12 skeletal warriors
  A fire crab (shapeshifter) (Depths:5)
  A sixfirhy (Abyss:1)
  An iron troll (Depths:5)
  6 deep trolls
  2 flayed ghosts
  A shadow demon (Zot:3)
  3 wizards
  A phantasmal warrior (Vaults:4)
  6 deep elf archers
  2 wolf spider zombies
  5 necromancers
  3 orc sorcerers
  An orb spider (Spider:2)
  7 wolf spiders
  2 harpies
  8 ironbrand convokers
  2 orc knights
  A cyclops (D:11)
  22 deep elf magi
  A manticore (D:11)
  21 ugly things
  2 oklob plants
  11 elephants
  5 slime creatures
  A moth of wrath (Zot:5)
  2 black mambas
  Joseph (D:8)
  A torpor snail (Spider:3)
  4 gargoyles
  2 smoke demons (Abyss:1)
  2 centaur zombies
  An eye of devastation (shapeshifter) (Vaults:4)
  2 vault sentinels
  12 spiny frogs
  4 freezing wraiths
  A kobold demonologist (D:15)
  A yaktaur zombie (Depths:1)
  3 rime drakes (Lair:6)
  An efreet (D:14)
  2 komodo dragons (Lair:6)
  A yaktaur (shapeshifter) (Vaults:1)
  A demonic crawler (Spider:2)
  11 yaktaurs
  A swamp worm zombie (Crypt:2)
  A polar bear (Lair:6)
  2 jumping spiders
  3 trolls
  A wind drake (shapeshifter) (Vaults:3)
  2 hornets
  A harpy skeleton (Crypt:3)
  5 hippogriffs
  4 dream sheep (Lair:4)
  A fire dragon zombie (Crypt:3)
  22 blink frogs
  A meliai zombie (D:12)
  An air elemental (Elf:2)
  4 raiju (Abyss:1)
  A spriggan (Depths:4)
  21 flying skulls
  An ice dragon skeleton (Crypt:3)
  29 yaks
  A vampire (WizLab)
  A shadow (D:15)
  A fire dragon skeleton (Crypt:2)
  A spriggan (shapeshifter) (Vaults:4)
  4 wyverns
  11 redbacks
  4 wraiths
  A basilisk (Lair:3)
  A golden eye (shapeshifter) (Depths:4)
  A tarantella (Spider:1)
  A hog (D:15)
  A fire elemental (Elf:3)
  An acid dragon (Vaults:2)
  An acid dragon (shapeshifter) (Vaults:1)
  2 small abominations
  7 water moccasins
  2 large abominations
  4 porcupines
  A floating eye (Lair:5)
  A two-headed ogre skeleton (Crypt:1)
  A monstrous demonspawn skeleton (Crypt:2)
  An ice beast (D:9)
  A sky beast (D:8)
  A black bear (Lair:1)
  4 orc warriors
  A phantom (D:9)
  10 wolves
  11 ogres
  A centaur (shapeshifter) (Vaults:3)
  A swamp dragon skeleton (Crypt:3)
  2 centaurs
  8 crocodiles
  A manticore skeleton (Crypt:1)
  3 big kobolds
  5 bullfrogs
  An earth elemental (Elf:2)
  3 scorpions
  A wyvern skeleton (D:7)
  A troll zombie (WizLab)
  10 killer bees
  4 wights
  A howler monkey (D:9)
  A crimson imp (D:7)
  A quasit (Abyss:1)
  A jelly (D:10)
  2 orc priests (Orc:2)
  A hound (D:11)
  An iron imp (Abyss:1)
  An iguana (D:13)
  4 orc wizards
  4 worker ants
  A big kobold skeleton (Crypt:2)
  2 gnolls (D:8)
  An adder (D:11)
  4 shadow imps
  An ufetubus (Abyss:1)
  A leopard gecko (D:9)
  11 orcs
  A goblin (D:7)
  2 jackals (D:10)
  2 quokkas
  5 kobolds
  A bush (Lair:5)
  14 fungi
  5 plants
  15 withered plants (D:15)
663 creatures vanquished.

Vanquished Creatures (others)
  2 orc warlords
  A storm dragon (Zot:3)
  2 draconian scorchers
  An ogre mage (Vaults:3)
  2 orc high priests
  4 alligators (Swamp:4)
  A two-headed ogre (Vaults:3)
  A deep troll earth mage (Depths:1)
  A hell knight (Crypt:3)
  3 orc sorcerers
  A swamp dragon (Swamp:4)
  A spriggan druid (Swamp:4)
  3 deep trolls
  30 orc knights
  A wolf spider (Spider:2)
  A centaur zombie (D:15)
  A centaur skeleton (D:15)
  A demonic crawler (Spider:2)
  A yaktaur (Vaults:3)
  2 jumping spiders (Spider:2)
  A tyrant leech (Swamp:4)
  A human (D:15)
  28 orc warriors
  A wolf (shapeshifter) (Depths:3)
  2 boggarts (Depths:1)
  A hound (shapeshifter) (Vaults:5)
  28 orc priests
  20 orc wizards
  A white imp (Abyss:1)
  A ball lightning (Zot:5)
  66 orcs
  5 bushes
  30 demonic plants
  32 fungi
  24 plants
  23 starspawn tentacles
  4 withered plants (Spider:3)
328 creatures vanquished.

Grand Total: 3174 creatures vanquished

Notes
Turn   | Place    | Note
-------+----------+-------------------------------------------
     0 | D:1      | AlexTheUnready the Hill Orc Fighter began the quest for the
                  | Orb.
     0 | D:1      | Reached XP level 1. HP: 19/19 MP: 1/1
   244 | D:1      | Reached XP level 2. HP: 19/27 MP: 2/2
   614 | D:1      | Reached XP level 3. HP: 16/33 MP: 3/3
  1438 | D:2      | Noticed Jessica
  1446 | D:2      | Killed Jessica
  1446 | D:2      | Reached XP level 4. HP: 37/40 MP: 4/4
  2263 | D:3      | Reached XP level 5. HP: 44/46 MP: 5/5
  2323 | D:3      | Reached skill level 5 in Axes
  2957 | D:4      | Became a worshipper of Beogh the Brigand
  3267 | D:4      | Noticed an ogre
  3278 | D:4      | Killed an ogre
  3278 | D:4      | Reached XP level 6. HP: 25/52 MP: 3/6
  3909 | D:4      | Reached XP level 7. HP: 37/60 MP: 4/7
  4620 | D:5      | Entered Level 5 of the Dungeon
  4793 | D:5      | Reached skill level 5 in Armour
  5077 | D:5      | Reached * piety under Beogh
  5080 | D:5      | Noticed Ijyb
  5086 | D:5      | Paralysed by Ijyb for 3 turns
  5103 | D:5      | Killed Ijyb
  5194 | D:5      | Found Meysedi's Book Shoppe.
  5426 | D:5      | Found a staircase to the Ecumenical Temple.
  5493 | D:6      | Reached XP level 8. HP: 64/67 MP: 8/8
  5578 | D:6      | Reached skill level 5 in Fighting
  5704 | D:6      | Found a shadowy altar of Dithmenos.
  5848 | D:6      | Found a glowing drain.
  5868 | Sewer    | Entered a sewer
  5970 | Sewer    | Reached ** piety under Beogh
  6028 | Sewer    | Reached skill level 10 in Axes
  6926 | D:6      | Reached skill level 5 in Shields
  7406 | D:7      | Reached XP level 9. HP: 58/74 MP: 7/9
  7525 | D:7      | Reached *** piety under Beogh
  7590 | D:7      | Found a large runed translucent door.
  7590 | D:7      | Found a large runed translucent door.
  7591 | D:7      | Noticed a troll
  7593 | D:7      | Found a large runed translucent door.
  7593 | D:7      | Found a large runed translucent door.
  7758 | D:7      | Identified Awolok's Collected Works on Shifting Black Magic
  7787 | D:7      | Found a blossoming altar of Fedhas.
  7816 | D:7      | Found an iron altar of Okawaru.
  7851 | D:7      | Found an ornate altar of the Wu Jian Council.
  8072 | D:7      | Found Ykhlow's Distillery.
  8080 | D:7      | Bought a potion of mutation for 96 gold pieces
  8080 | D:7      | Bought a potion of lignification for 36 gold pieces
  8080 | D:7      | Bought a potion of degeneration for 12 gold pieces
  8351 | D:7      | Killed a troll
  8770 | D:8      | Found a sparkling altar of Nemelex Xobeh.
  9076 | D:8      | Noticed Joseph
  9095 | D:8      | Killed Joseph
  9095 | D:8      | Reached XP level 10. HP: 30/84 MP: 3/10
  9929 | D:9      | Reached **** piety under Beogh
  9935 | D:9      | Reached skill level 1 in Invocations
 10218 | D:9      | Found a white marble altar of Elyvilon.
 10603 | D:9      | Found an opulent altar of Gozag.
 10651 | D:10     | Entered Level 10 of the Dungeon
 10811 | D:10     | Noticed a gargoyle
 10817 | D:10     | Killed a gargoyle
 10992 | D:10     | Killed an unseen horror
 11299 | D:10     | Reached skill level 15 in Axes
 11310 | D:10     | Reached XP level 11. HP: 89/92 MP: 14/14
 11780 | D:11     | Found a staircase to the Orcish Mines.
 12127 | D:11     | Found a staircase to the Lair.
 12339 | D:11     | Noticed a manticore
 12347 | D:11     | Killed a manticore
 12347 | D:11     | Reached skill level 5 in Invocations
 12450 | D:11     | Noticed an orc knight
 12451 | D:11     | Noticed a two-headed ogre
 12456 | D:11     | Noticed a death knight
 12457 | D:11     | Killed a two-headed ogre
 12474 | D:11     | Killed a death knight
 12768 | D:11     | Noticed a cyclops
 12776 | D:11     | Killed a cyclops
 13064 | Lair:1   | Entered Level 1 of the Lair of Beasts
 13474 | Lair:1   | Noticed an oklob plant
 13531 | Lair:1   | Reached ***** piety under Beogh
 13532 | Lair:1   | Gained Orbeogh as an ally
 13744 | Lair:1   | Noticed an oklob plant
 14333 | Lair:2   | Noticed an eight-headed hydra
 14343 | Lair:2   | Killed an eight-headed hydra
 14343 | Lair:2   | Reached XP level 12. HP: 60/103 MP: 13/17
 14516 | Lair:2   | Noticed an eight-headed hydra
 14521 | Lair:2   | Killed a seven-headed hydra
 14744 | Lair:2   | Noticed an eight-headed hydra
 14752 | Lair:2   | Killed an eight-headed hydra
 15129 | Lair:2   | Reached skill level 1 in Dodging
 15610 | Lair:3   | Found a hole to the Spider Nest.
 15797 | Lair:3   | Gained Horkud as an ally
 16185 | Lair:3   | Noticed a death yak
 16186 | Lair:3   | Noticed a death yak
 16186 | Lair:3   | Noticed a death yak
 16187 | Lair:3   | Noticed a death yak
 16187 | Lair:3   | Noticed a death yak
 16191 | Lair:3   | Killed a death yak
 16202 | Lair:3   | Killed a death yak
 16202 | Lair:3   | Reached skill level 10 in Armour
 16206 | Lair:3   | Killed a death yak
 16210 | Lair:3   | Killed a death yak
 16210 | Lair:3   | Reached skill level 1 in Throwing
 16214 | Lair:3   | Killed a death yak
 17515 | Lair:4   | Reached XP level 13. HP: 103/111 MP: 16/19
 17720 | Lair:4   | Gained Ogrik as an ally
 17815 | Lair:4   | Found a staircase to the Swamp.
 18347 | Lair:5   | Reached skill level 10 in Fighting
 18435 | Lair:5   | Paralysed by a floating eye for 2 turns
 18456 | Lair:5   | Noticed Rupert
 18458 | Lair:5   | Paralysed by Rupert for 4 turns
 18467 | Lair:5   | Paralysed by Rupert for 5 turns
 18468 | Lair:5   | Killed Rupert
 18679 | Lair:5   | Found a runed translucent door.
 18679 | Lair:5   | Found a shimmering altar of Xom.
 18679 | Lair:5   | Noticed AlexTheUnready's ghost (journeyman HOFi)
 18769 | Lair:5   | Found a viscous altar of Jiyva.
 18770 | Lair:5   | Found a staircase to the Slime Pits.
 18779 | Lair:5   | Gained Bogdan as an ally
 18802 | Lair:5   | Noticed Josephine
 18811 | Lair:5   | Killed Josephine
 19488 | Lair:6   | Entered Level 6 of the Lair of Beasts
 19547 | Lair:6   | Reached skill level 10 in Invocations
 19991 | Lair:6   | Gained Harm as an ally
 20351 | Lair:6   | Reached skill level 10 in Shields
 20351 | Lair:6   | Reached XP level 14. HP: 98/124 MP: 18/22
 22231 | D:12     | Found a runed translucent door.
 22261 | D:12     | Identified the +10 trident of Fundamental Breach {vorpal,
                  | MR- Int+4}
 22280 | D:12     | Noticed Hanotsus's ghost (journeyman HOAK)
 22359 | D:12     | Found an iron altar of Okawaru.
 22390 | D:12     | Reached ****** piety under Beogh
 23243 | Orc:1    | Entered Level 1 of the Orcish Mines
 23247 | Orc:1    | Gained Hawl as an ally
 23517 | Orc:2    | Entered Level 2 of the Orcish Mines
 23598 | Orc:2    | Found a burning altar of Makhleb.
 23812 | Orc:2    | Noticed Donald
 23846 | Orc:2    | HP: 4/126 [Donald/+0 broad axe of flaming (33)]
 23849 | Orc:2    | Killed Donald
 24410 | Orc:2    | Found a staircase to the Elven Halls.
 24950 | Orc:2    | Found Hieliotyim's Food Shoppe.
 25076 | Orc:2    | Paralysed by an orc sorcerer for 7 turns
 25399 | Orc:2    | Found Wittilo's Armour Shoppe.
 25400 | Orc:2    | Found Julolul's Food Shop.
 25400 | Orc:2    | Found Gaehacha's Jewellery Shop.
 25865 | Swamp:1  | Entered Level 1 of the Swamp
 27044 | Swamp:1  | Reached XP level 15. HP: 128/134 MP: 22/24
 30963 | Swamp:3  | Gained Ognian as an ally
 31791 | Spider:1 | Entered Level 1 of the Spider Nest
 32812 | Spider:1 | Reached XP level 16. HP: 146/147 MP: 26/26
 32856 | Spider:1 | Noticed Aizul
 32873 | Spider:1 | Killed Aizul
 33773 | Spider:2 | Found a transporter.
 33909 | Spider:2 | Reached skill level 15 in Armour
 34526 | Spider:2 | Found a transporter.
 35424 | Spider:3 | Reached skill level 15 in Fighting
 35906 | Spider:3 | Found a runed translucent gate.
 35906 | Spider:3 | Found a runed translucent gate.
 35982 | Spider:3 | Found a runed translucent gate.
 35985 | Spider:3 | Noticed AlexTheUnready's ghost (adept GnWn)
 35985 | Spider:3 | Noticed Nuqinleag's ghost (adept GrEE)
 35985 | Spider:3 | Noticed Daghilat's ghost (adept MiBe)
 36911 | D:13     | Found a gate leading to a gauntlet.
 36954 | Gauntlet | Entered a Gauntlet
 36954 | Gauntlet | Found a transporter.
 36963 | Gauntlet | Found a transporter.
 36978 | Gauntlet | Found a transporter.
 36983 | Gauntlet | Found a transporter.
 36998 | Gauntlet | Found a transporter.
 37017 | Gauntlet | Found a transporter.
 37029 | Gauntlet | Found a transporter.
 37041 | Gauntlet | Found a transporter.
 37047 | Gauntlet | Found a transporter.
 37062 | Gauntlet | Found a transporter.
 37074 | Gauntlet | Found a transporter.
 37091 | Gauntlet | Found a transporter.
 37109 | Gauntlet | Found a transporter.
 37111 | Gauntlet | Found a transporter.
 37138 | Gauntlet | Found a transporter.
 37138 | Gauntlet | Found a transporter.
 37158 | Gauntlet | Found a transporter.
 37238 | Gauntlet | Found a transporter.
 37576 | Gauntlet | Got a pair of spiked boots
 37587 | Gauntlet | Identified the +1 pair of boots of Resonance {*Slow +Blink
                  | rC- rCorr} (You found it in a Gauntlet)
 37639 | Gauntlet | Got a masterwork broad axe
 37639 | Gauntlet | Got a masterwork scale mail
 37640 | Gauntlet | Identified the +2 broad axe "Onoxko" {flame, *Noise +Blink
                  | Str+2} (You found it in a Gauntlet)
 37984 | D:13     | Reached skill level 15 in Invocations
 38436 | D:14     | Paralysed by a wizard for 4 turns
 38612 | D:14     | Reached XP level 17. HP: 156/156 MP: 28/28
 38765 | D:14     | Found a white marble altar of Elyvilon.
 38797 | D:14     | Gained Orbeogh as an ally
 39046 | D:14     | Found a gate to the Vaults.
 39758 | D:15     | Entered Level 15 of the Dungeon
 39759 | D:15     | Found a staircase to the Depths.
 40310 | D:11     | Identified the +6 scale mail of Axosusycs {MR+ Slay+2} (You
                  | found it in a Gauntlet)
 40538 | D:15     | Noticed Azrael
 40562 | D:15     | Killed Azrael
 40871 | D:15     | Noticed Louise
 40878 | D:15     | Killed Louise
 40923 | D:15     | Noticed Kirke
 40932 | D:15     | Killed Kirke
 40934 | D:15     | Found a shimmering altar of Xom.
 41116 | D:15     | Got a twisted buckler
 41566 | Swamp:4  | Entered Level 4 of the Swamp
 42286 | Swamp:4  | Found an ancient bone altar of Kikubaaqudgha.
 44540 | Swamp:4  | Gained Argrim as an ally
 44748 | Swamp:4  | Your ally Argrim died
 45154 | Swamp:4  | Reached skill level 5 in Throwing
 45462 | Swamp:4  | Got a decaying rune of Zot
 45775 | Spider:4 | Entered Level 4 of the Spider Nest
 45780 | Spider:4 | Reached skill level 15 in Shields
 46897 | Spider:4 | Reached XP level 18. HP: 168/168 MP: 30/30
 48138 | Spider:4 | Got a gossamer rune of Zot
 48727 | Vaults:1 | Entered Level 1 of the Vaults
 50185 | Vaults:2 | Noticed Bai Suzhen
 50186 | Vaults:2 | Paralysed by a great orb of eyes for 3 turns
 50191 | Vaults:2 | Cast into level 4 of the Abyss (Bai Suzhen)
 50296 | Abyss:4  | Paralysed by accursed screaming for 1 turns
 50307 | Abyss:4  | Paralysed by accursed screaming for 1 turns
 50323 | Abyss:4  | Paralysed by accursed screaming for 2 turns
 50595 | Abyss:4  | Gained Bogbrand as an ally
 50611 | Vaults:2 | Escaped the Abyss
 50618 | Vaults:2 | Killed Bai Suzhen
 51184 | Vaults:2 | Gained Dorog as an ally
 51293 | Vaults:2 | You fall into a shaft and drop 2 floors!
 51347 | Vaults:4 | Reached XP level 19. HP: 91/177 MP: 31/31
 52245 | Vaults:3 | Noticed Nikola
 52360 | Vaults:3 | Found a portal to a secret trove of treasure.
 52583 | Vaults:2 | Your ally Bogbrand died
 52594 | Vaults:2 | Gained Norbak as an ally
 52601 | Vaults:2 | Gained Grimold as an ally
 53500 | Vaults:2 | Gained Orgrim as an ally
 53627 | Vaults:2 | Found Liaprure's Book Shop.
 53639 | Vaults:2 | Bought a manual of Shields for 1545 gold pieces
 53932 | Vaults:3 | Found a staircase to the Crypt.
 54399 | Vaults:3 | Gained Bogward as an ally
 54423 | Vaults:3 | Your ally Norbak died
 54437 | Vaults:3 | Your ally Orgrim died
 54444 | Vaults:3 | Killed Nikola
 54479 | Vaults:3 | Your ally Bogward died
 56367 | Vaults:4 | Found Jouli's Jewellery Emporium.
 56438 | Vaults:4 | Reached XP level 20. HP: 189/189 MP: 33/33
 56828 | Vaults:4 | Gained Borgun as an ally
 58017 | Elf:1    | Entered Level 1 of the Elven Halls
 58425 | Elf:1    | Got a brightly glowing great sword
 58839 | Elf:1    | Found a shimmering blue altar of Sif Muna.
 58949 | Elf:1    | Identified Roxanne's Guide on Earth
 58949 | Elf:1    | Noticed Roxanne
 58964 | Elf:1    | Killed Roxanne
 59283 | Elf:2    | Gained Bogwald as an ally
 60086 | Elf:2    | Found a runed translucent gate.
 60086 | Elf:2    | Found a runed translucent gate.
 60088 | Elf:2    | Found a runed translucent gate.
 60127 | Elf:2    | Found Wahyshaz's Jewellery Shop.
 60127 | Elf:2    | Found Renay's Gadget Shoppe.
 60128 | Elf:2    | Found Plog's Gadget Shoppe.
 60324 | Elf:2    | Found a radiant altar of Vehumet.
 60538 | Elf:2    | Found a runed translucent door.
 60561 | Elf:2    | Found a runed translucent door.
 62440 | Crypt:1  | Entered Level 1 of the Crypt
 62742 | Crypt:1  | Gained Ognian as an ally
 62742 | Crypt:1  | Reached XP level 21. HP: 173/200 MP: 34/34
 63078 | Crypt:1  | Gained Herok as an ally
 63083 | Crypt:1  | Your ally Herok died
 63451 | Crypt:1  | Got a faintly glowing bone amulet
 63575 | Crypt:1  | Identified the +6 great sword of Weicawaf {protect, +Blink
                  | rElec MR+} (You found it on level 1 of the Elven Halls)
 63576 | Crypt:1  | Identified the amulet of Haew {Inacc Dex+2} (You found it
                  | on level 1 of the Crypt)
 63634 | Crypt:2  | Gained Olfrun as an ally
 64110 | Crypt:2  | Noticed a greater mummy
 64113 | Crypt:2  | Noticed Khufu
 64119 | Crypt:2  | Killed a greater mummy
 64127 | Crypt:2  | Killed Khufu
 64342 | Crypt:2  | Noticed a greater mummy
 64350 | Crypt:2  | Killed a greater mummy
 64732 | Crypt:2  | Gained Wargrak as an ally
 65041 | Crypt:2  | Got a fading cloak
 65042 | Crypt:2  | Identified the +0 cloak of Asissim {Harm} (You found it on
                  | level 2 of the Crypt)
 65857 | Depths:1 | Entered Level 1 of the Depths
 65908 | Depths:1 | Found a runed translucent gate.
 65908 | Depths:1 | Found a runed translucent gate.
 65908 | Depths:1 | Found a runed translucent gate.
 65908 | Depths:1 | Found a runed translucent gate.
 65908 | Depths:1 | Found a runed translucent gate.
 65908 | Depths:1 | Found a runed translucent gate.
 65909 | Depths:1 | Found the +2 Maxwell's thermic engine {flame, freeze}
 66050 | Depths:1 | Noticed Mara
 66081 | Depths:1 | Noticed AlexTheUnready's illusion
 66205 | D:15     | Killed Mara
 66322 | Depths:1 | Gained Ognian as an ally
 66712 | Depths:1 | Found a gateway to Hell.
 67162 | Depths:1 | Gained Borgoth as an ally
 67276 | Depths:1 | Found a one-way gate to the infinite horrors of the Abyss.
 68597 | Depths:2 | Found a magical portal.
 68602 | WizLab   | Entered Zonguldrok's Shrine
 68648 | WizLab   | Reached XP level 22. HP: 211/211 MP: 36/36
 68668 | WizLab   | Gained Blodwig as an ally
 68895 | WizLab   | Gained Horkud as an ally
 68922 | WizLab   | Noticed an antique lich
 68931 | WizLab   | Killed an antique lich
 68937 | WizLab   | Found the +9 sword of Zonguldrok {reap}
 69454 | Depths:1 | Identified the +0 buckler of Insatiable Hunger {*Slow +Fly
                  | MP+9 Str+2} (You found it on level 15 of the Dungeon)
 70043 | Depths:2 | Gained Hilgar as an ally
 70687 | Depths:2 | Found a one-way gate leading to the halls of Pandemonium.
 70687 | Depths:2 | Noticed a golden dragon
 70699 | Depths:2 | Killed a golden dragon
 70723 | Depths:2 | Your ally Ogrik died
 71431 | Depths:2 | Identified the +1 robe of the Immovable Gods {Int+3}
 71814 | Depths:3 | You fall into a shaft and drop 2 floors!
 71814 | Depths:5 | Entered Level 5 of the Depths
 72016 | Depths:5 | Noticed a caustic shrike
 72016 | Depths:5 | Noticed a caustic shrike
 72018 | Depths:5 | Noticed a caustic shrike
 72488 | Depths:4 | Found a corrupted altar of Lugonu.
 72690 | Depths:3 | Noticed Margery
 72696 | Depths:3 | Your ally Hilgar died
 72700 | Depths:3 | HP: 5/214 [Margery/bolt of fire (51)]
 73406 | Depths:3 | Reached XP level 23. HP: 222/222 MP: 37/37
 73513 | Depths:3 | Found a runed translucent door.
 73591 | Depths:3 | Identified the cursed +1 lajatang "Ifoehi" {vorpal, *Contam
                  | rElec SInv}
 74704 | Depths:3 | Identified the Volume of Toxic Evil Arts
 74798 | Depths:3 | Killed Margery
 75063 | Depths:4 | Your ally Blodwig died
 75939 | Depths:4 | Gained Jorge as an ally
 75985 | Depths:4 | Found a gateway to a ziggurat.
 76204 | Depths:5 | Found a shattered altar of Ashenzari.
 76544 | Depths:5 | Killed a caustic shrike
 76549 | Depths:5 | Killed a caustic shrike
 76551 | Depths:5 | Killed a caustic shrike
 77565 | Depths:5 | Found a gate to the Realm of Zot.
 77629 | Depths:5 | Gained Norbak as an ally
 77872 | Depths:5 | Noticed a golden dragon
 77888 | Depths:5 | Killed a golden dragon
 78064 | Depths:5 | Gained Nordag as an ally
 78638 | D:12     | Killed Hanotsus's ghost
 78638 | D:12     | Reached XP level 24. HP: 223/233 MP: 37/37
 79004 | Elf:3    | Entered Level 3 of the Elven Halls
 79284 | Elf:3    | Your ally Hawl died
 79353 | Elf:3    | Found Maovuevi's Armour Emporium.
 79456 | Elf:3    | Found Leoklaidgho's Jewellery Boutique.
 79474 | Elf:3    | Bought the cursed ring "Kuerph" {rElec Dex-4 SInv Stlth-}
                  | for 146 gold pieces
 79474 | Elf:3    | Bought the amulet "Itischai" {Spirit rF+ Int+5} for 599
                  | gold pieces
 79623 | Elf:3    | Found Udghooffiu's Food Shop.
 80673 | Elf:3    | Cast into level 3 of the Abyss (a deep elf sorcerer)
 80680 | Elf:3    | Escaped the Abyss
 80694 | Elf:3    | Gained Boderik as an ally
 80816 | Elf:3    | Your ally Boderik died
 80833 | Elf:3    | Identified the amulet "Lidghuyck" {Regen+ Str-4 Dex+4}
 80838 | Elf:3    | Identified the cursed +0 lajatang of the Tired Ears
                  | {freeze, Str+2 Dex+2 Stlth+}
 81736 | Elf:3    | Identified the +3 leather armour of Ineeng {rC+ Int+3}
 81736 | Elf:3    | Identified the ring "Veada" {rElec rC+ rN+ Int+6 Dex+6}
 82034 | Elf:3    | Identified the Volume of the Oath
 83862 | Crypt:3  | Entered Level 3 of the Crypt
 84415 | Crypt:3  | Noticed Jory
 84424 | Crypt:3  | Killed Jory
 85404 | Crypt:3  | Noticed Boris
 85419 | Crypt:3  | Killed Boris
 85669 | Crypt:3  | Identified the Collected Works on Dark Secrets
 85713 | Crypt:3  | Found an ancient bone altar of Kikubaaqudgha.
 85713 | Crypt:3  | Noticed an ancient lich
 85717 | Crypt:3  | Paralysed by an ancient lich for 3 turns
 85719 | Crypt:3  | Killed an ancient lich
 85838 | Crypt:3  | Identified the Papyrus of Supportive Battle Magic
 86381 | Crypt:3  | Found a staircase to the Tomb.
 87410 | Lair:1   | Gained Bogbarth as an ally
 87909 | Lair:5   | Killed AlexTheUnready's ghost
 88515 | Spider:2 | Paralysed by a Zot trap for 5 turns
 88542 | Spider:2 | Got a flickering bronze ring
 88558 | Spider:2 | Got a flickering bone ring
 88562 | Spider:2 | Identified the ring "Iroqehud" {rF+ rC- MP+9 SInv} (You
                  | found it on level 2 of the Spider Nest)
 88563 | Spider:2 | Identified the ring "Ishrolen" {rElec rC+ rCorr Int+2} (You
                  | found it on level 2 of the Spider Nest)
 88842 | Spider:3 | Killed Nuqinleag's ghost
 88847 | Spider:3 | Killed Daghilat's ghost
 88857 | Spider:3 | Killed AlexTheUnready's ghost
 88886 | Spider:3 | Got a brightly glowing bronze ring
 88889 | Spider:3 | Identified the ring "Vutweod" {EV+4 Dex+7} (You found it on
                  | level 3 of the Spider Nest)
 89376 | Elf:3    | Bought a +2 helmet of see invisible for 408 gold pieces
 89941 | Vaults:5 | Entered Level 5 of the Vaults
 89947 | Vaults:5 | Reached XP level 25. HP: 240/243 MP: 37/38
 89948 | Vaults:5 | Noticed an ancient lich
 92112 | Vaults:5 | Gained Jorge as an ally
 92124 | Vaults:4 | Killed an ancient lich
 93402 | Vaults:5 | Gained Ugrim as an ally
 93417 | Vaults:5 | Your ally Ugrim died
 93642 | Vaults:5 | Gained Korbok as an ally
 93646 | Vaults:5 | Your ally Korbok died
 94137 | Vaults:5 | Got a silver rune of Zot
 94264 | Vaults:5 | Identified the cursed +1 falchion of the Past {speed, rPois
                  | Dex+4}
 94462 | Vaults:5 | Identified the ring of Ykkilyer {Wiz rF+ rN+ Dex-2 Stlth+}
 94520 | Vaults:5 | Gained Bogbrand as an ally
 94788 | Vaults:5 | Reached XP level 26. HP: 240/257 MP: 37/38
 94812 | Vaults:5 | Identified the ring "Rolletaz" {rCorr SInv}
 94981 | Vaults:5 | Noticed an ancient lich
 94992 | Vaults:5 | Killed an ancient lich
 96565 | Trove    | Entered a treasure trove
 96586 | Trove    | Got a glittering lapis lazuli ring
 96594 | Trove    | Got a translucent amber ring
 96604 | Trove    | Got a jewelled hand axe
 96608 | Trove    | Got a twisted great sword
 96610 | Trove    | Got fine shadow dragon scales
 96628 | Trove    | Identified the cursed +1 shadow dragon scales of Mineic
                  | {*Slow rF++ Stlth++++} (You found it in a treasure trove)
 96630 | Trove    | Identified the ring of Ascent {rPois rC++ rN+} (You found
                  | it in a treasure trove)
 96631 | Trove    | Identified the ring "Saeq" {rF+ rN+ AC+4 Str+2 Dex-5
                  | Stlth+} (You found it in a treasure trove)
 96634 | Trove    | Identified the cursed +1 hand axe of Huseerch {freeze, +Fly
                  | rElec} (You found it in a treasure trove)
 96635 | Trove    | Identified the +7 great sword "Xelu Der" {drain, Stlth+}
                  | (You found it in a treasure trove)
 97082 | Zot:1    | Entered Level 1 of the Realm of Zot
 97082 | Zot:1    | Noticed a shard shrike
 97146 | Zot:1    | Killed a shard shrike
 97907 | Zot:1    | Identified the +9 broad axe "Qefojasi" {vorpal, rElec rF+
                  | Str-3 Int+2}
 98190 | Zot:1    | You fall into a shaft and drop 1 floor!
 99411 | Zot:2    | Noticed an orb of fire
 99415 | Zot:2    | Gained mutation: You are clumsy. (Dex -2) [an orb of fire]
 99437 | Zot:2    | Gained mutation: You are dopey. (Int -2) [an orb of fire]
 99454 | Zot:2    | Gained mutation: You tend to lose your temper in combat.
                  | [an orb of fire]
 99464 | Zot:2    | Gained mutation: Your spells are a little easier to cast,
                  | but a little less powerful. [an orb of fire]
 99467 | Zot:2    | Killed an orb of fire
 99799 | Zot:2    | Reached XP level 27. HP: 247/271 MP: 38/39
100874 | Zot:3    | Reached skill level 27 in Fighting
102315 | Zot:4    | Noticed an orb of fire
102323 | Zot:4    | Gained mutation: Your body sometimes deteriorates upon
                  | taking damage. [an orb of fire]
102324 | Zot:4    | Lost mutation: Your spells are a little easier to cast, but
                  | a little less powerful. [an orb of fire]
102325 | Zot:4    | Killed an orb of fire
103180 | Depths:1 | Voluntarily entered the Abyss.
103558 | Abyss:1  | Gained Syrus as an ally
103915 | Abyss:1  | Found a corrupted altar of Lugonu.
104237 | Abyss:1  | Gained Hawl as an ally
104474 | Abyss:1  | Gained mutation: You often lose your temper in combat. [a
                  | neqoxec]
104541 | Abyss:1  | Gained Bogdan as an ally
104624 | Abyss:1  | Found a corrupted altar of Lugonu.
104675 | Abyss:1  | Your ally Bogdan died
105464 | Abyss:1  | Gained mutation: Potions are poor at restoring your health.
                  | [a neqoxec]
105470 | Abyss:1  | Gained mutation: You are very dopey. (Int -4) [a neqoxec]
105498 | Abyss:1  | Gained Dorog as an ally
105534 | Abyss:1  | Your ally Dorog died
105855 | Abyss:1  | Gained Argrim as an ally
106165 | Abyss:1  | Your ally Argrim died
106449 | Abyss:1  | Gained Nordag as an ally
106449 | Abyss:1  | Gained Bogbrand as an ally
106451 | Abyss:1  | Your ally Nordag died
106619 | Abyss:1  | Your ally Bogbrand died
106637 | Abyss:1  | Gained Morguth as an ally
106811 | Abyss:1  | Reached skill level 27 in Invocations
106952 | Depths:1 | Escaped the Abyss
106960 | Depths:1 | Lost mutation: You often lose your temper in combat.
                  | [potion of mutation]
106960 | Depths:1 | Lost mutation: You are very dopey. (Int -4) [potion of
                  | mutation]
106960 | Depths:1 | Lost mutation: You are dopey. (Int -2) [potion of mutation]
106960 | Depths:1 | Lost mutation: You tend to lose your temper in combat.
                  | [potion of mutation]
106960 | Depths:1 | Gained mutation: You expend magic power (3 MP) to
                  | strengthen your wands. [potion of mutation]
106960 | Depths:1 | Lost mutation: You are clumsy. (Dex -2) [potion of
                  | mutation]
106960 | Depths:1 | Gained mutation: You have sharp fingernails. [potion of
                  | mutation]
106961 | Depths:1 | Lost mutation: Your body sometimes deteriorates upon taking
                  | damage. [potion of mutation]
106961 | Depths:1 | Lost mutation: You expend magic power (3 MP) to strengthen
                  | your wands. [potion of mutation]
106961 | Depths:1 | Gained mutation: Your system is resistant to poisons.
                  | (rPois) [potion of mutation]
106961 | Depths:1 | Gained mutation: You are covered in fur. (AC +1) [potion of
                  | mutation]
106961 | Depths:1 | Gained mutation: Your spells are a little harder to cast,
                  | but a little more powerful. [potion of mutation]
107587 | Zot:5    | Entered Level 5 of the Realm of Zot
107889 | Zot:5    | Reached skill level 10 in Throwing
107965 | Zot:5    | Found a runed translucent door.
107967 | Zot:5    | Noticed zergursh's ghost (master DECj)
107997 | Zot:5    | Killed zergursh's ghost
108220 | Zot:5    | Noticed an ancient lich
108244 | Zot:5    | Killed an ancient lich
108341 | Zot:5    | Noticed an orb of fire
108355 | Zot:5    | Gained mutation: You are weak. (Str -2) [an orb of fire]
108364 | Zot:5    | Noticed an ancient lich
108369 | Zot:5    | Killed an orb of fire
108375 | Zot:5    | Noticed an orb of fire
108378 | Zot:5    | Noticed an orb of fire
108380 | Zot:5    | Killed an ancient lich
108381 | Zot:5    | Gained mutation: Scrolls take you a little longer to read.
                  | [an orb of fire]
108387 | Zot:5    | Killed an orb of fire
108387 | Zot:5    | Your ally Harm died
108388 | Zot:5    | Killed an orb of fire
108389 | Zot:5    | Noticed an orb of fire
108392 | Zot:5    | Gained mutation: Your body sometimes deteriorates upon
                  | taking damage. [an orb of fire]
108394 | Zot:5    | Killed an orb of fire
108995 | Zot:5    | Got the Orb of Zot
109037 | Zot:5    | Noticed an ancient lich
109041 | Zot:5    | Paralysed by an ancient lich for 3 turns
109050 | Zot:5    | Killed an ancient lich
109060 | Zot:5    | Noticed Raveg the pandemonium lord
109124 | Zot:3    | Gained Wargath as an ally
109139 | Zot:3    | Noticed Duputu the pandemonium lord
109155 | Zot:3    | Killed Duputu the pandemonium lord
109321 | Depths:3 | Reached skill level 27 in Armour
109512 | D:10     | Noticed Qeburchoc the pandemonium lord
109518 | D:10     | Killed Qeburchoc the pandemonium lord
109745 | D:$      | Escaped with the Orb!

Illustrated notes

Levels and vault maps discovered:
D:1:      dpeg_arrival_boxorama, layout_basic, serial_bayou_pond_b
D:2:      layout_rooms, uniq_jessica
D:3:      layout_loops_ring
D:4:      wad_lake_hut, layout_basic, first_ration
D:5:      layout_basic, temple_hall_moat, serial_shops, nicolae_shop_trees,
          uniq_ijyb
D:6:      layout_basic, lemuel_doored_altar, gup_sewer_entry_glass
D:7:      layout_cave_pools, fedhas_altar_2, okawaru_altar_gauntlet_db,
          marbit_many_paths, serial_shops, nicolae_shop_stone,
          serial_column_ruins, column_ruins_grid_5, column_ruins_columns_T,
          column_ruins_grid_3, column_ruins_open_small, column_ruins_open_tiny,
          column_ruins_open_medium, minmay_hollow_rounded_squares
D:8:      layout_rooms, kennysheep_mini_moat, serial_bayou_pond_b, uniq_joseph
D:9:      layout_cave_pools, kennysheep_little_box, kennysheep_mini
D:10:     layout_roguey
D:11:     kennysheep_blocky_room, layout_loops_ring, david_orc_2
D:12:     layout_basic, ebering_ghost_funeral_grove, basic_altar
D:13:     layout_basic, gauntlet_entry_generic, due_unseen_surprise
D:14:     layout_roguey, grunt_vaults_entry_fortified, elyvilon_altar_1
D:15:     gammafunk_depths_entry_grave, layout_loops_ring, lemuel_tele_altar,
          uniq_kirke, uniq_louise, uniq_azrael
Lair:1:   minmay_lair_oklob_tunnel, layout_regular_city,
          minmay_lair_oklob_chamber
Lair:2:   layout_hall_layers
Lair:3:   layout_loops_ring, spider_nest_entry_webs
Lair:4:   layout_long_grid, swamp_mist, infiniplex_staircase_pool_2
Lair:5:   layout_concentric_octagons, slime_altar_1, ebering_ghost_xom,
          disabler_island, uniq_josephine, uniq_rupert
Lair:6:   gammafunk_lair_ancient_temple, layout_regular_city,
          serial_bayou_shore_a
Swamp:1:  layout_basic_swamp, nicolae_swamp_fairy_circle, swamp_pool4
Swamp:2:  cheibrodos_swamp_heart_of_darkness, layout_falls_marsh,
          evilmike_swamp_ruin_house_3
Swamp:3:  layout_falls_marsh, serial_swamp_ruin, evilmike_swamp_ruin_house_5,
          evilmike_swamp_ruin_rubble_2
Swamp:4:  swamp_icy, layout_basic_swamp, swamp_pool1, lemuel_altar_in_water
Spider:1: layout_spider_delve, uniq_aizul
Spider:2: gammafunk_its_a_trap
Spider:3: layout_spider_delve, gammafunk_ghost_cemetery
Spider:4: spider_rune_water
Orc:1:    layout_caves
Orc:2:    st_orc_elflike, layout_caves, basic_altar, uniq_donald
Elf:1:    layout_geoelf_octagon, minmay_elf_crystal_hexagon,
          grunt_ministairs_11, lemuel_blue_sif_altar, uniq_roxanne
Elf:2:    layout_geoelf_diagonals, ploomutoo_gammafunk_ghost_potion_laboratory,
          serial_sigils_hangedman_shear, lemuel_statue_altar, minmay_shop_grove
Elf:3:    grunt_elf_hall_asides, layout_geoelf_castle, serial_shops, shop,
          minmay_shoptagon
Vaults:1: st_squares, vaults_room_large_hall, nicolae_vaults_specimen_jars,
          ontoclasm_vaults_spin, v_misc_28, v_rooms_1,
          layout_vaults_chaotic_city
Vaults:2: vaults_mumra_hexcomb, v_misc_33, ontoclasm_vaults_chip,
          nicolae_vaults_little_squares_6, vaults_room_large_hall, v_misc_26,
          nicolae_vaults_little_ls, hangedman_vaults_locks, v_misc_10,
          vaults_dpeg_ring, nicolae_vaults_little_squares_3,
          layout_vaults_omnicross, serial_shops, nicolae_shop_stone,
          uniq_bai_suzhen
Vaults:3: nicolae_vaults_little_squares_2, v_alt_pattern_2, v_pattern_3,
          hangedman_vaults_stretched_pinwheel, minmay_crypt_entry_simple_plaza,
          v_alt_pattern_5, hangedman_vaults_pinch,
          nicolae_vaults_network_quinsquares
          [nicolae_vaults_network_quincunx_subvault,
          nicolae_vaults_network_quincunx_subvault,
          nicolae_vaults_network_quincunx_subvault,
          nicolae_vaults_network_quincunx_subvault], hangedman_vaults_capsules,
          ontoclasm_vaults_decontamination, layout_vaults_omnibox,
          trove_entry_hex_spiral, uniq_nikola
Vaults:4: hangedman_vaults_nodes, nicolae_vaults_circle_grid_a, v_alt_pattern_6,
          v_misc_30, v_misc_22, vaults_dpeg_encased_lava,
          nicolae_vaults_little_squares_4, v_misc_31, vaults_mumra_bighexcomb,
          nicolae_vaults_yaktaur_gun_rack,
          vaults_standard_mumra_enter_the_diamond,
          ontoclasm_vaults_claustrophobia, nicolae_vaults_little_squares_2,
          layout_vaults_maze_snakey, serial_shops, shop
Vaults:5
Crypt:1:  layout_rooms, grunt_ministairs_8, grunt_crypt_arrival_webbed
Crypt:2:  ragdoll_tomb_raider, layout_catacombs
Crypt:3:  cryptofortress_bobbens, uniq_jory, uniq_boris
Depths:1: layout_long_grid, serial_co_window_serial, co_window_paths_b,
          co_window_of_opportunity_a, co_window_corner_a, co_window_paths_a,
          co_window_paths_b, co_window_of_opportunity_a, co_window_broadway_b,
          co_window_broadway_a, co_window_unsneaky_path_b, co_window_2corner,
          co_window_2corner, co_window_unsneaky_path_e,
          co_window_of_opportunity_b, glass_columns_b, glass_columns_c,
          glass_columns_a, hangedman_tar_grid_catacomb,
          abyss_entry_small_statue_room, brannock_guarded_unrand_thermic_engine,
          uniq_mara
Depths:2: minmay_the_grid_triangle_9x9_recursive_3
          [minmay_the_grid_triangle_9x9_zippers_horizontal,
          minmay_the_grid_triangle_9x9_intruding_spiral,
          minmay_the_grid_triangle_9x9_flanged_cone,
          minmay_the_grid_triangle_9x9_prize_center,
          minmay_the_grid_triangle_9x9_skeleton,
          minmay_the_grid_triangle_9x9_odd_lines,
          minmay_the_grid_triangle_9x9_dagger,
          minmay_the_grid_triangle_9x9_limited_checkers,
          minmay_the_grid_triangle_9x9_thin_v], layout_cave_pools, hell_entry,
          mu_enter_wizlab_2, pan_entry, abyss_entry, minmay_misc_feat_tower,
          infiniplex_staircase_river
Depths:3: nooodl_glass_maze, layout_cave_shapes, grunt_metal_band,
          grunt_pan_entry_in_and_out, abyss_entry_crystal, minmay_st_funbox,
          infiniplex_staircase_zigzag_4, uniq_margery
Depths:4: minmay_angry_zag, layout_twisted_cross, enter_ziggurat_c,
          grunt_pan_entry_sceptre, hell_entry, abyss_entry_flame_altar,
          chequers_serial_rivers_small_b, kb_rosetta
Depths:5: evilmike_zot_entry_round, layout_gridville,
          hangedman_abyss_entry_splay, pan_entry, hell_entry,
          evilmike_ruin_ashenzari
Zot:1:    layout_concentric_octagons, bh_zot_levy_curve,
          hangedman_elemental_grid_stream
Zot:2:    minmay_elemental_castle, layout_misc_corridors
Zot:3:    layout_misc_corridors, lemuel_baited_zot_trap
Zot:4:    layout_misc_corridors
Zot:5:    layout_twisted_circle, ebering_ghost_reflecting_pool

Skill      XL: |  1  2  3  4  5  6  7  8  9 10 11 12 13 14 15 16 17 18 19 20 21 22 23 24 25 26 27 |
---------------+----------------------------------------------------------------------------------+-----
Fighting       | 4 5 6 7 8 9 11 12 14 15 16 17 18 19 20 21 22 23 24 26 27 | 27.0
Axes           | 3 4 6 7 9 11 13 15 16 17 18 | 18.0
Armour         | 4 5 6 7 9 10 12 13 14 15 16 17 18 19 20 21 27 | 27.0
Shields        | 4 5 6 7 8 10 11 12 13 15 16 18 20 21 22 23 24 25 | 25.0
Invocations    | 4 7 9 11 12 13 15 16 17 18 19 20 21 22 23 24 27 | 27.0
Dodging        | 1 |  1.3
Throwing       | 1 2 4 5 6 7 11 | 11.9

Action                   |  1- 3 |  4- 6 |  7- 9 | 10-12 | 13-15 | 16-18 | 19-21 | 22-24 | 25-27 || total
-------------------------+-------+-------+-------+-------+-------+-------+-------+-------+-------++-------
Melee: War axe           |    74 |   188 |   333 |       |       |       |       |       |       ||   595
       Broad axe         |       |       |   178 |   391 |  1108 |  1401 |  1159 |  1252 |  2296 ||  7785
       Flail             |       |       |       |     7 |     5 |       |       |       |       ||    12
Throw: Dart              |       |     6 |     2 |       |    17 |     4 |       |       |       ||    29
       Boomerang         |       |       |       |     8 |    32 |   125 |     3 |    66 |    28 ||   262
       Javelin           |       |       |       |       |       |     3 |     2 |     6 |       ||    11
       Throwing net      |       |       |       |       |       |     2 |       |       |       ||     2
Invok: Convert to Beogh  |       |     1 |       |       |       |       |       |       |       ||     1
       Smiting           |       |       |       |     8 |     9 |    11 |    13 |     7 |    23 ||    71
       Recall Orcish Fol |       |       |       |     1 |     3 |     1 |     6 |     4 |    10 ||    25
       Resurrection      |       |       |       |       |     1 |     1 |     3 |     2 |     1 ||     8
       Give Item to Name |       |       |       |       |     1 |     3 |    11 |    13 |     4 ||    32
       Stop Recall       |       |       |       |       |       |       |     1 |     1 |     1 ||     3
Evoke: Wand              |       |       |       |     1 |     1 |     1 |       |     3 |       ||     6
  Use: Scroll            |       |       |    12 |     4 |     7 |    13 |     9 |    13 |    23 ||    81
       Potion            |       |       |     2 |     1 |     6 |     6 |     3 |     5 |    12 ||    35
 Stab: Invisible         |       |       |     1 |       |       |       |       |     1 |       ||     2
       Distracted        |       |       |     4 |     7 |     6 |     6 |     9 |     8 |     8 ||    48
       Paralysed         |       |       |       |       |       |     3 |       |     1 |       ||     4
       Confused          |       |       |       |       |       |     1 |       |       |     3 ||     4
       Held in net/web   |       |       |       |       |       |     2 |       |       |       ||     2
  Eat: Chunk             |       |     9 |    15 |    23 |    21 |    25 |    26 |    25 |    22 ||   166
       Ration            |       |       |     1 |     1 |     8 |    10 |     9 |    12 |    14 ||    55
Armor: Scale mail        |    25 |    29 |       |       |       |       |       |       |       ||    54
       Chain mail        |       |    51 |    86 |       |       |       |       |       |       ||   137
       Plate armour      |       |       |   224 |   193 |   471 |   652 |   254 |    73 |       ||  1867
       Storm dragon scal |       |       |       |       |       |       |       |   253 |    28 ||   281
       Gold dragon scale |       |       |       |       |       |       |       |       |   916 ||   916
Dodge: Dodged            |    19 |    48 |    91 |    88 |   190 |   251 |    95 |   183 |   295 ||  1260
Block: Kite shield       |    36 |   101 |   293 |   217 |   482 |   265 |       |       |       ||  1394
       Tower shield      |       |       |       |       |       |  1049 |   936 |  1158 |  2150 ||  5293
       Reflection        |       |       |       |       |       |    60 |    78 |   102 |    86 ||   326
